 Dungeon Crawl Stone Soup version 0.25-a0-1113-g0499d652a8 (webtiles) character file.

Game seed: 2324094741967280856, levelgen mode: classic

142 Amnesiac the Digger (level 5, 0/35 HPs)
             Began as a Vampire Earth Elementalist on May 17, 2020.
             Killed from afar by an orc wizard (7 damage)
             ... with a magic dart
             ... on level 4 of the Dungeon.
             The game lasted 00:04:30 (607 turns).

Amnesiac the Digger (Vampire Earth Elementalist)     Turns: 607, Time: 00:04:31

Health: 0/35       AC:  2    Str:  7    XL:     5   Next: 4%
Magic:  1/9        EV: 12    Int: 19    God:
Gold:   26         SH:  0    Dex: 14    Spells: 3/10 levels left

rFire    x . .     SeeInvis +   a - +0 dagger
rCold    + . .     Gourm    .   (no shield)
rNeg     . . .     Faith    .   c - +0 robe
rPois    +         Spirit   .   (no helmet)
rElec    .         Reflect  .   (no cloak)
rCorr    .         Harm     .   (no gloves)
MR       .....                  (no boots)
Stlth    ++........             (no amulet)
HPRegen  0.31/turn              f - ring of ice
MPRegen  0.11/turn              i - ring of poison resistance

@: regenerating quickly
A: no food, fangs 3, see invisible, unbreathing
a: Exsanguinate


You were on level 4 of the Dungeon.
You were alive.

You visited 1 branch of the dungeon, and saw 4 of its levels.

You collected 26 gold pieces.

Inventory:

Hand Weapons
 a - a +0 dagger (weapon)
Missiles
 b - 6 stones (quivered)
 h - 6 poisoned darts
Armour
 c - a +0 robe (worn)
Jewellery
 f - a ring of ice (left hand)
 i - a ring of poison resistance (right hand)
Scrolls
 d - a scroll of amnesia {!r, unknown}
 g - a scroll of identify {!r, unknown}
Potions
 e - a potion of heal wounds {!q, unknown}


   Skills:
 - Level 2.1 Dodging
 - Level 3.0 Stealth
 + Level 3.2 Spellcasting
 - Level 1.1 Transmutations
 * Level 5.0 Earth Magic


You had 3 spell levels left.
You knew the following spells:

 Your Spells              Type           Power        Failure   Level  Hunger
a - Sandblast             Erth           ###...       1%          1    N/A
b - Passwall              Tmut/Erth      ##......     6%          2    N/A
e - Petrify               Tmut/Erth      ##......     38%         4    N/A

Your spell library contained the following spells:

 Spells                   Type           Power        Failure   Level  Hunger
 Stone Arrow              Conj/Erth      ##....       16%         3    N/A
 Lee's Rapid Deconstruct  Erth           ###.......   45%         5    N/A

Dungeon Overview and Level Annotations

Branches:
Dungeon (4/15)
 Temple: D:4-7

Altars:
Fedhas
Qazlal


Innate Abilities, Weirdness & Mutations

You do not eat.
Your natural rate of healing is unusually fast.
You have razor-sharp teeth.
You have supernaturally acute eyesight. (SInv)
You can survive without breathing.


Message History

b - 9 stones The orc hits you with a +0 mace.
You closely miss the orc.
The orc is heavily wounded.
The orc barely misses you.
Casting: Sandblast (safe; 1% risk of failure)
Confirm with . or Enter, or press ? or * to list all spells.
Aiming: Sandblast (safe; 1% risk of failure)
Press: ? - help, Shift-Dir - straight line, f/p - orc
Aim: an orc, wielding a +0 mace and wearing a +1 leather armour of cold resistance (heavily wounded)
The blast of sand hits the orc but does no damage.
The orc is heavily wounded.
b - 8 stones The orc closely misses you.
You hit the orc but do no damage.
The orc is heavily wounded.
The orc barely misses you. The orc hits you. The orc hits you with a +0 flail!
The orc wizard hits you but does no damage.
Casting: Sandblast (safe; 1% risk of failure)
Confirm with . or Enter, or press ? or * to list all spells.
Aiming: Sandblast (safe; 1% risk of failure)
Press: ? - help, Shift-Dir - straight line, f/p - orc
Aim: an orc, wielding a +0 mace and wearing a +1 leather armour of cold resistance (heavily wounded)
The blast of sand hits the orc but does no damage.
The orc is heavily wounded.
b - 7 stones The orc hits you with a +0 mace.
* * * LOW HITPOINT WARNING * * *
The orc misses you. The orc closely misses you.
The orc wizard barely misses you.
You closely miss the orc.
The orc is heavily wounded.
The orc hits you but does no damage. The orc barely misses you.
An ooze comes into view.
The orc wizard closely misses you. The orc misses you.
The orc wizard casts a spell.
The orc wizard blinks!
Casting: Sandblast (safe; 1% risk of failure)
Confirm with . or Enter, or press ? or * to list all spells.
Aiming: Petrify (extremely dangerous; 38% risk of failure)
Press: ? - help, Shift-Dir - straight line, f/p - orc
Aim: an orc, wielding a +0 mace and wearing a +1 leather armour of cold resistance (heavily wounded, chance to defeat MR: 62%)
The orc is moving more slowly.
The ooze quivers.
The orc wizard casts a spell at you. The magic dart hits you!
* * * LOW HITPOINT WARNING * * *
Casting: Petrify (extremely dangerous; 38% risk of failure)
Confirm with . or Enter, or press ? or * to list all spells.
Okay, then.
The orc barely misses you.
The ooze jiggles.
The orc wizard gestures wildly while chanting.
The orc wizard seems to speed up.
Casting: Petrify (extremely dangerous; 38% risk of failure)
Confirm with . or Enter, or press ? or * to list all spells.
Aiming: Sandblast (safe; 1% risk of failure)
Press: ? - help, Shift-Dir - straight line, p - orc The blast of sand hits the orc wizard but does no damage.
b - 6 stones The orc wizard casts a spell at you.
The magic dart hits you!
You die...

#... #.. .# ... . #..# ..#
#..# ..#... ..## ...#
..... ...##### ...###
#...##......#. ....^#..
...#........ <.....#
#.o.........
....O.##.#####oo....#....
#...#........o.#@...#.%...
...# ....###o##.........
..... .. ##.o.........#
...... ##...#...J)..#
......# #...##.......##
....... ##.####.......#
...##...###......##
...................#
......###..........#.


You could see an orc wizard (fast), an ooze and 2 orcs.

Vanquished Creatures
  A howler monkey (D:4)
  2 hounds (D:4)
  2 adders (D:3)
  2 worms (D:4)
  2 bats (D:3)
  2 hobgoblins
  7 jackals
  2 kobolds (D:3)
  2 frilled lizards (D:3)
  A rat (D:3)
23 creatures vanquished.

Notes
Turn   | Place    | Note
-------+----------+-------------------------------------------
     0 | D:1      | Amnesiac the Vampire Earth Elementalist began the quest for
                  | the Orb.
     0 | D:1      | Reached XP level 1. HP: 13/13 MP: 3/3
    83 | D:3      | Found a stormy altar of Qazlal.
   100 | D:3      | Reached XP level 2. HP: 19/19 MP: 0/5
   173 | D:3      | Found a blossoming altar of Fedhas.
   312 | D:3      | Reached XP level 3. HP: 19/24 MP: 6/6
   337 | D:4      | Noticed an ogre
   420 | D:4      | Reached skill level 4 in Earth Magic
   422 | D:4      | Reached XP level 4. HP: 29/30 MP: 1/8
   426 | D:4      | Learned a level 2 spell: Passwall
   431 | D:4      | Learned a level 4 spell: Petrify
   459 | D:4      | Reached skill level 5 in Earth Magic
   485 | D:4      | Reached XP level 5. HP: 12/35 MP: 3/9
   607 | D:4      | Killed from afar by an orc wizard

Illustrated notes

Levels and vault maps discovered:
D:1:      lightli_arrival_maybe_door_vault, layout_basic
D:2:      layout_loops_corners, lemuel_coloured_pillars_altar,
          lemuel_blue_sif_altar, minmay_misc_feat_tiny
D:3:      minmay_door_path, layout_basic, grunt_qazlal_clouds,
          lemuel_doored_altar, st_stairs_6, fedhas_ov_isle_minmay
D:4:      layout_cave_pools, first_ration

Skill      XL: |  1  2  3  4 |
---------------+-------------+-----
Earth Magic    | 4 5 |  5.0
Spellcasting   | 3 |  3.2
Dodging        | |  2.1
Stealth        | |  3.0
Transmutations | |  1.1

Action                   |  1- 3 |  4- 6 || total
-------------------------+-------+-------++-------
Melee: Dagger            |    36 |    30 ||    66
       Bite              |     2 |     1 ||     3
 Cast: Sandblast         |    15 |    13 ||    28
       Petrify           |       |     1 ||     1
 Stab: Sleeping          |     3 |       ||     3
Armor: Robe              |    14 |     5 ||    19
Dodge: Dodged            |    43 |    45 ||    88

Table legend:
 A = Non-vault XP
 B = Vault XP
 C = Vault XP percentage of total XP
 D = Non-vault monster count
 E = Vault monster count
 F = Vault count percentage of total count
                 A         B        C        D         E       F
            +---------+---------+-------+---------+---------+-------
      Total |     191 |      13 |   6.4 |      22 |       1 |   4.3
            +---------+---------+-------+---------+---------+-------
        D:2 |       2 |       0 |   0.0 |       1 |       0 |   0.0
        D:3 |      36 |      13 |  26.5 |      14 |       1 |   6.7
        D:4 |     153 |       0 |   0.0 |       7 |       0 |   0.0
            +---------+---------+-------+---------+---------+-------
